 Dungeon Crawl Stone Soup version 0.22-a0-460-g49b1da7 (webtiles) character file.

92928 PegasusDuck the Brawler (level 16, -6/125 HPs)
             Began as a Ghoul Gladiator on June 3, 2018.
             Was a Priest of Hepliaklqana.
             Hit by a death yak thrown by Polyphemus (19 damage)
             ... on level 2 of the Shoals on June 9, 2018.
             The game lasted 01:15:26 (27892 turns).

PegasusDuck the Brawler (Ghoul Gladiator)          Turns: 27892, Time: 01:15:28

Health: -6/125     AC: 25    Str: 24    XL:     16   Next: 7%
Magic:  22/22      EV: 28    Int:  7    God:    Hepliaklqana [***...]
Gold:   1371       SH: 13    Dex: 10    Spells: 15/15 levels left

rFire    . . .     SeeInvis +     - Unarmed
rCold    . . .     Gourm    .   A - +2 shield {reflect}
rNeg     + + +     Faith    .   q - +6 scale mail "Vouhos" {rPois rC- MR+ SInv}
rPois    ∞         Spirit   .   r - +2 helmet {Int+3}
rElec    .         Reflect  +   k - +2 cloak
rCorr    .         Harm     .   (no gloves)
MR       ++...                  K - +2 pair of boots
Stlth    +++.......             F - amulet of the acrobat
HPRegen  0.00/turn              H - +2 ring of evasion
MPRegen  0.18/turn              x - +2 ring of slaying

@: about to teleport, rotting
A: rotting body, reduced essence, claws 1, carnivore, cold resistance 1,
negative energy resistance 3, inhibited regeneration, torment resistance,
unbreathing
a: Recall Ancestor, Ancestor Identity, Transference, Renounce Religion


You were on level 2 of the Shoals.
You worshipped Hepliaklqana.
Hepliaklqana was most pleased with you.
You were not hungry.

You visited 7 branches of the dungeon, and saw 25 of its levels.
You also visited: Sewer and Ossuary.

You collected 1936 gold pieces.
You spent 565 gold pieces at shops.

Inventory:

Missiles
 c - 9 throwing nets (quivered)
Armour
 k - a +2 cloak (worn)
 q - the +6 scale mail "Vouhos" (worn) {rPois rC- MR+ SInv}
   (You found it on level 4 of the Dungeon)

   It makes you vulnerable to cold.
   It protects you from poison.
   It affects your resistance to hostile enchantments.
   It lets you see invisible.
 r - a +2 helmet of intelligence (worn)
 A - a +2 shield of reflection (worn)
 K - a +2 pair of boots (worn)
Jewellery
 e - an uncursed ring of wizardry
 g - an uncursed ring of protection from fire
 n - the ring "Tucyis" {+Inv Int+3 Dex-3}
   (You found it on level 2 of the Lair of Beasts)

   [ring of dexterity]

   It affects your intelligence (+3).
   It affects your dexterity (-3).
   It lets you turn invisible.
 v - an uncursed ring of see invisible
 x - a +2 ring of slaying (right claw)
 C - an uncursed ring of resist corrosion
 F - an amulet of the acrobat (around neck)
 H - a +2 ring of evasion (left claw)
Wands
 h - a wand of random effects (62)
 z - a wand of digging (10)
 D - a wand of polymorph (3)
 I - a wand of flame (30)
 M - a wand of paralysis (15)
Scrolls
 a - a scroll of teleportation
 b - a scroll of brand weapon
 i - 2 scrolls of amnesia
 l - 7 scrolls of enchant weapon
 s - 2 scrolls of fog
 u - 6 scrolls of remove curse
 y - a scroll of vulnerability
 E - 2 scrolls of magic mapping
 G - 3 scrolls of immolation
 L - 2 scrolls of identify
Potions
 d - 2 potions of haste
 m - 4 potions of brilliance
 o - 2 potions of berserk rage
 p - 4 potions of curing
 t - a potion of agility
 w - 7 potions of flight
 B - 5 potions of lignification
 J - 2 potions of resistance
Comestibles
 f - 33 rations
 j - 3 chunks of flesh


   Skills:
 - Level 12.2 Fighting
 - Level 1.7 Throwing
 - Level 10.0 Armour
 - Level 6.8 Dodging
 - Level 9.7 Stealth
 + Level 7.3 Shields
 - Level 19.8 Unarmed Combat
 - Level 10.0 Invocations
 + Level 5.3 Evocations


You had 15 spell levels left.
You didn't know any spells.
Your spell library contained the following spells:

 Spells                   Type           Power        Failure   Level  Hunger
 Cause Fear               Hex            #.........   100%        4    #####..
 Magic Dart               Conj           #...         95%         1    ##.....
 Lightning Bolt           Conj/Air       #.........   100%        5    ######.
 Slow                     Hex            #.......     98%         2    ###....
 Summon Small Mammal      Summ           #...         95%         1    ##.....
 Iskenderun's Mystic Bla  Conj           #.......     100%        4    #####..
 Summon Ice Beast         Ice/Summ       #.......     100%        4    #####..
 Call Imp                 Summ           #.......     98%         2    ###....
 Shock                    Conj/Air       #...         95%         1    ##.....
 Swiftness                Chrm/Air       #.......     98%         2    ###....
 Spider Form              Tmut/Pois      #.........   100%        3    ####...
 Blade Hands              Tmut           #.........   100%        5    ######.
 Ice Form                 Ice/Tmut       #.......     100%        4    #####..
 Airstrike                Air            #.........   100%        4    #####..
 Sticks to Snakes         Tmut           #.......     98%         2    ###....
 Call Canine Familiar     Summ           #.......     100%        3    ####...
 Static Discharge         Conj/Air       #.......     100%        3    ####...
 Corona                   Hex            #......      95%         1    ##.....
 Portal Projectile        Hex/Tloc       #.....       100%        3    ####...
 Leda's Liquefaction      Hex/Erth       #.........   100%        4    #####..
 Inner Flame              Hex/Fire       #.......     100%        3    ####...
 Beastly Appendage        Tmut           #.....       95%         1    ##.....
 Fulminant Prism          Conj/Hex       #.........   100%        4    #####..
 Dazzling Spray           Conj/Hex       #.....       100%        3    ####...
 Force Lance              Conj/Tloc      #.......     100%        4    #####..
 Searing Ray              Conj           #.....       98%         2    ###....
 Summon Lightning Spire   Summ/Air       #.......     100%        4    #####..
 Summon Guardian Golem    Hex/Summ       #.......     100%        3    ####...


Dungeon Overview and Level Annotations

Branches:
Dungeon (12/15)            Temple (1/1) D:5            Lair (6/6) D:11
 Shoals (2/4) Lair:2       Spider (1/4) Lair:2        Slime (0/5) Lair:5
    Orc (2/2) D:9             Elf (1/3) Orc:2

Altars:
Ashenzari
Cheibriados
Dithmenos
Elyvilon
Fedhas
Gozag
Hepliaklqana
Kikubaaqudgha
Makhleb
Nemelex Xobeh
Okawaru
Qazlal
Ru
Sif Muna
Trog
Uskayaw
Vehumet
Wu Jian
Xom
Yredelemnul
Zin
The Shining One
Jiyva

Shops:
D:11 *   Orc:2 ([[::

Annotations:
D:9 2 runed doors
D:12 Nergalle
Lair:5 exclusion: oklob plant
Shoals:2 Jorgrun, Polyphemus


Innate Abilities, Weirdness & Mutations

Your body is rotting away.
You thrive on raw meat.
You are immune to poison.
You have sharp fingernails.
You are carnivorous and can eat meat at any time.
Your flesh is cold resistant. (rC+)
You are immune to negative energy. (rN+++)
You do not regenerate when monsters are visible.
You are immune to unholy pain and torment.
You can survive without breathing.
Your life essence is reduced to manifest your ancestor. (-10% HP)


Message History

Okay, then.
As you read the scroll of teleportation, it crumbles to dust.
You feel strangely unstable.
The death yak gores you but does no damage.
Polyphemus hits you.
* * * LOW HITPOINT WARNING * * *
You block Polyphemus's attack.
Unknown command.
You enter the shallow water.
Moving in this stuff is going to be slow.
Gnaeus hits Polyphemus with a broad axe of flaming!
Gnaeus burns Polyphemus.
Gnaeus hits the death yak with a broad axe of flaming.
Gnaeus burns the death yak.
The death yak completely misses you.
Gnaeus hits Polyphemus with a broad axe of flaming.
Gnaeus burns Polyphemus.
Gnaeus hits the death yak with a broad axe of flaming!
Gnaeus burns the death yak.
Polyphemus throws the death yak at you!
You die...

.....(.........(#................
.≈.......(.((.############.......
..........(..##8#8####8#8##......
≈≈(..CP....###≈≈≈≈≈..≈≈≈≈≈###....
P§≈.....(.##≈≈≈≈C≈....≈≈≈≈≈≈##...
Y≈≈Y.....(#≈≈≈≈≈###''###≈≈≈≈≈#...
..Y§§§§Y(#'Y≈≈≈##≈CR≈≈.##≈≈≈≈'#..
...)..P..#######.≈≈≈≈≈≈.#######..
.........# #8@.≈≈≈≈.≈8# #..
≈..PP(.P.#######.Y≈≈≈≈..#######..
≈≈(((...(#§...≈##≈≈≈≈≈≈##.≈≈≈'#.(
≈≈.)....((#....≈###''###≈≈≈≈≈#...
≈≈P......(##....≈≈≈≈≈≈≈≈≈≈≈≈##...
≈≈≈≈P..≈≈≈(###.≈≈≈≈≈≈≈≈≈≈≈###.≈..
P≈P..........##8#8####8#8##≈≈≈≈≈.
≈PP≈≈≈≈.(.≈≈≈≈############≈≈≈≈≈..
≈≈P≈≈PP≈≈≈≈≈≈≈≈≈≈≈≈≈≈≈≈≈≈≈≈≈≈≈...


You could see the friendly Gnaeus the knight, Polyphemus and a death yak.

Vanquished Creatures
  A kraken (Shoals:2)
  Donald (Orc:2)
  An entropy weaver (Spider:1)
  Josephine (Shoals:1)
  3 merfolk impalers
  Harold (Lair:1)
  A merfolk avatar (Shoals:1)
  A satyr (Shoals:2)
  7 two-headed ogres
  2 ogre magi (Orc:2)
  7 death yaks
  4 sea snakes
  2 deep trolls (Orc:2)
  A harpy (Shoals:2)
  3 deep elf magi (Orc:2)
  2 wolf spiders
  2 manticores
  4 ugly things
  2 orc sorcerers (Orc:1)
  6 fauns
  4 cyclopes
  3 black mambas
  A torpor snail (Lair:2)
  12 elephants
  A water nymph (Shoals:2)
  3 merfolk sirens
  6 spiny frogs
  A kobold demonologist (D:11)
  A rime drake (Lair:6)
  11 komodo dragons
  3 polar bears
  8 jumping spiders
  9 merfolk
  10 trolls (Orc:2)
  2 wind drakes (Shoals:1)
  A hornet (Lair:5)
  A snapping turtle (Shoals:2)
  Prince Ribbit (D:6)
  3 slime creatures (D:12)
  5 hippogriffs
  5 dream sheep (Lair:6)
  19 blink frogs
  17 redbacks
  A vampire (D:11)
  2 shadows (D:12)
  A water elemental (Shoals:2)
  2 wyverns (Lair:6)
  26 yaks
  4 tarantellas
  3 wraiths (Shoals:1)
  5 basilisks
  2 hungry ghosts
  2 vampire mosquitoes (D:12)
  2 wargs
  9 water moccasins
  4 porcupines
  An ice beast (D:9)
  3 black bears
  12 orc warriors
  A sky beast (D:10)
  4 wolves
  A necrophage (D:11)
  22 ogres
  4 centaurs
  The ghost of Zorot the Ducker, an amateur OpGl of Cheibriados (D:5)
  12 crocodiles
  The ghost of crawlian the Insei, an amateur OpTm (D:4)
  2 big kobolds (D:11)
  13 bullfrogs
  A wyvern skeleton (D:9)
  4 scorpions
  3 wights (D:7)
  28 killer bees
  9 howler monkeys
  6 crimson imps
  3 centaur zombies (Ossuary)
  A bullfrog zombie (D:6)
  12 orc wizards
  A bullfrog skeleton (D:8)
  3 hounds
  3 centaur skeletons
  2 human zombies (Ossuary)
  A gnoll shaman (D:9)
  3 jellies
  9 orc priests
  An iguana (D:11)
  7 hell rats (Lair:1)
  4 worker ants
  A big kobold zombie (Ossuary)
  2 mummies (Ossuary)
  4 gnolls (D:2)
  12 river rats
  11 adders
  2 shadow imps
  12 oozes
  3 adder zombies
  2 worms (D:2)
  3 dart slugs (D:1)
  4 leopard geckos
  41 orcs
  11 bats
  7 giant cockroaches
  7 goblins
  5 hobgoblins
  20 jackals
  15 kobolds
  8 quokkas
  4 ball pythons
  4 frilled lizards
  11 hobgoblin zombies (Ossuary)
  A jackal zombie (Ossuary)
  4 kobold zombies (Ossuary)
  A leopard gecko zombie (D:5)
  7 orc zombies (Ossuary)
  A quokka zombie (D:7)
  17 rats
  A rat zombie (Ossuary)
  4 tentacles (Shoals:2)
645 creatures vanquished.

Vanquished Creatures (collateral kills)
  A catoblepas (Lair:5)
  2 hydras
  3 two-headed ogres
  A merfolk avatar (Lair:6)
  An orc knight (Orc:2)
  2 fauns
  A deep elf mage (Elf:1)
  A wolf spider (Spider:1)
  An elephant (Lair:6)
  2 water nymphs (Shoals:2)
  3 komodo dragons
  A queen bee (Lair:1)
  2 merfolk (Shoals:2)
  2 trolls (Orc:2)
  2 jumping spiders
  A slime creature (D:12)
  3 blink frogs
  3 hippogriffs
  5 redbacks (Spider:1)
  2 wraiths (Shoals:1)
  A wyvern (Lair:6)
  Sigmund (D:5)
  3 tarantellas (Spider:1)
  4 yaks
  2 water moccasins
  3 orc warriors
  A hornet zombie (D:9)
  6 ogres
  2 centaurs
  3 crocodiles
  2 bullfrogs
  7 killer bees
  2 wights (D:7)
  2 crimson imps
  A centaur zombie (Ossuary)
  A hound (D:9)
  A jelly (D:8)
  An orc priest (Orc:2)
  4 orc wizards
  2 adders
  A river rat (Lair:1)
  An ooze (Sewer)
  11 orcs
  A giant cockroach (Sewer)
  3 jackals
  A quokka (D:9)
  A bat (Sewer)
  3 frilled lizards (Sewer)
  A hobgoblin zombie (Ossuary)
  A kobold zombie (Ossuary)
  2 orc zombies (Ossuary)
  A fungus (Lair:4)
  2 plants (Shoals:2)
117 creatures vanquished.

Vanquished Creatures (others)
  A centaur (Shoals:2)
  15 knights
  An ancestor (Ossuary)
  A leopard gecko (D:6)
  12 fungi
  39 plants
  8 toadstools (D:3)
77 creatures vanquished.

Grand Total: 839 creatures vanquished

Notes
Turn   | Place    | Note
-------+----------+-------------------------------------------
     0 | D:1      | PegasusDuck the Ghoul Gladiator began the quest for the Orb.
     0 | D:1      | Reached XP level 1. HP: 17/17 MP: 0/0
   108 | D:1      | Reached XP level 2. HP: 24/24 MP: 1/1
   140 | D:1      | Reached skill level 4 in Unarmed Combat
   295 | D:1      | Reached XP level 3. HP: 11/29 MP: 2/2
   909 | D:2      | Found a glowing silver altar of Zin.
   929 | D:2      | Reached skill level 5 in Unarmed Combat
  1012 | D:2      | Reached XP level 4. HP: 35/35 MP: 3/3
  1538 | D:2      | Reached skill level 6 in Unarmed Combat
  1543 | D:2      | Reached XP level 5. HP: 30/35 MP: 4/4
  2102 | D:3      | Found a faded altar of an unknown god.
  2513 | D:3      | Reached skill level 7 in Unarmed Combat
  2517 | D:3      | Reached XP level 6. HP: 33/47 MP: 5/5
  2844 | D:4      | Got an encrusted scale mail
  2855 | D:4      | Identified the +6 scale mail "Vouhos" {rPois rC- MR+ SInv} (You found it on level 4 of the Dungeon)
  2939 | D:4      | Noticed crawlian's ghost (amateur OpTm)
  2951 | D:4      | Killed crawlian's ghost
  2951 | D:4      | Reached skill level 8 in Unarmed Combat
  3411 | D:5      | Entered Level 5 of the Dungeon
  3417 | D:5      | Noticed Sigmund
  3433 | D:5      | Reached XP level 7. HP: 48/54 MP: 6/6
  3466 | D:5      | Noticed Zorot's ghost (amateur OpGl)
  3495 | D:5      | Killed Zorot's ghost
  3495 | D:5      | Reached skill level 9 in Unarmed Combat
  3584 | D:5      | Found a staircase to the Ecumenical Temple.
  3685 | Temple   | Entered the Ecumenical Temple
  3736 | Temple   | Became a worshipper of Hepliaklqana the Forgotten
  3913 | D:5      | Found a sand-covered staircase.
  3952 | Ossuary  | Entered an ossuary
  4062 | Ossuary  | Reached skill level 10 in Unarmed Combat
  4062 | Ossuary  | Reached XP level 8. HP: 47/52 MP: 7/7
  4523 | D:5      | Killed Sigmund
  4523 | D:5      | Reached skill level 5 in Fighting
  4650 | D:6      | Found an opulent altar of Gozag.
  4696 | D:6      | Found a glowing drain.
  4711 | Sewer    | Entered a sewer
  5069 | D:6      | Reached * piety under Hepliaklqana
  5089 | D:6      | Noticed Prince Ribbit
  5094 | D:6      | Killed Prince Ribbit
  5119 | D:6      | Found a radiant altar of Vehumet.
  5581 | D:7      | Reached XP level 9. HP: 64/64 MP: 8/8
  5816 | D:7      | Reached ** piety under Hepliaklqana
  5817 | D:7      | Remembered your ancestor Gnaeus as a knight
  6648 | D:8      | Noticed a two-headed ogre
  6717 | D:8      | Reached skill level 10 in Fighting
  6884 | D:8      | Reached skill level 1 in Armour
  7034 | D:8      | Found a shadowy altar of Dithmenos.
  7190 | D:8      | Found an iron altar of Okawaru.
  7830 | D:8      | Killed a two-headed ogre
  7830 | D:8      | Reached XP level 10. HP: 68/69 MP: 9/9
  7991 | D:9      | Found a large runed door.
  7992 | D:9      | Found a large runed door.
  8299 | D:9      | Found an ornate altar of the Wu Jian Council.
  8299 | D:9      | Found a deep blue altar of Sif Muna.
  8300 | D:9      | Found a stormy altar of Qazlal.
  8522 | D:9      | Reached *** piety under Hepliaklqana
  8581 | D:9      | Found a staircase to the Orcish Mines.
  8583 | D:9      | Found a shimmering altar of Xom.
  8616 | D:9      | Found a large runed door.
  8616 | D:9      | Found a large runed door.
  8905 | D:9      | Found a white marble altar of Elyvilon.
  9015 | D:10     | Entered Level 10 of the Dungeon
  9016 | D:10     | Noticed a two-headed ogre
  9307 | D:9      | Noticed an unseen horror
  9315 | Orc:1    | Entered Level 1 of the Orcish Mines
  9315 | Orc:1    | Noticed an orc sorcerer
 10020 | D:10     | Killed a two-headed ogre
 10020 | D:10     | Reached skill level 11 in Unarmed Combat
 10020 | D:10     | Reached XP level 11. HP: 55/80 MP: 10/10
 10186 | D:10     | Reached skill level 10 in Armour
 10186 | D:10     | Reached skill level 12 in Unarmed Combat
 10676 | D:11     | Noticed a manticore
 10681 | D:11     | Killed a manticore
 10901 | D:12     | Reached **** piety under Hepliaklqana
 10901 | D:12     | Noticed a brown ugly thing
 10911 | D:12     | Reached skill level 13 in Unarmed Combat
 10912 | D:12     | Killed a brown ugly thing
 11098 | D:12     | Noticed a cyan ugly thing
 11104 | D:12     | Killed a cyan ugly thing
 11184 | D:12     | Noticed a green ugly thing
 11197 | D:12     | Killed a green ugly thing
 11197 | D:12     | Reached skill level 14 in Unarmed Combat
 11214 | D:12     | Reached skill level 15 in Unarmed Combat
 11218 | D:12     | Noticed Nergalle
 11243 | D:12     | Reached skill level 1 in Invocations
 11564 | D:11     | Noticed a cyan ugly thing
 11935 | D:11     | Found Tazxacw's General Store.
 11941 | D:11     | Bought a scroll of identify for 26 gold pieces
 12005 | D:11     | Killed a cyan ugly thing
 12005 | D:11     | Reached XP level 12. HP: 53/87 MP: 13/13
 12126 | D:11     | Found a staircase to the Lair.
 12147 | D:11     | Reached skill level 16 in Unarmed Combat
 12226 | Lair:1   | Entered Level 1 of the Lair of Beasts
 12520 | Lair:1   | Noticed Harold
 12536 | Lair:1   | Killed Harold
 12671 | Lair:1   | Reached skill level 5 in Invocations
 13136 | Lair:1   | Reached skill level 17 in Unarmed Combat
 13827 | Lair:2   | Noticed a six-headed hydra
 13851 | Lair:2   | Killed a six-headed hydra
 13992 | Lair:2   | Found a staircase to the Shoals.
 14175 | Lair:2   | HP: 4/90 [jumping spider (4)]
 14580 | D:11     | Upgraded the game from 0.22-a0-447-gee5f723 to 0.22-a0-458-gb446440
 15426 | Lair:2   | Noticed a death yak
 15436 | Lair:2   | Reached XP level 13. HP: 83/98 MP: 18/18
 15669 | Lair:2   | Got a scorched brass ring
 15753 | Lair:2   | Reached skill level 18 in Unarmed Combat
 16175 | Lair:2   | Found a hole to the Spider Nest.
 16311 | Lair:3   | Identified the cursed ring "Tucyis" {+Inv Int+3 Dex-3} (You found it on level 2 of the Lair of Beasts)
 16472 | Lair:3   | Reached ***** piety under Hepliaklqana
 16901 | Lair:3   | Reached skill level 10 in Invocations
 17157 | Lair:4   | Reached skill level 1 in Stealth
 18123 | Lair:4   | Reached skill level 5 in Stealth
 18850 | Lair:5   | Found a staircase to the Slime Pits.
 18850 | Lair:5   | Found a viscous altar of Jiyva.
 18906 | Lair:5   | Reached skill level 19 in Unarmed Combat
 18909 | Lair:5   | Reached XP level 14. HP: 48/104 MP: 15/20
 19537 | Lair:6   | Entered Level 6 of the Lair of Beasts
 20757 | Lair:6   | Reached skill level 5 in Dodging
 21893 | Orc:2    | Entered Level 2 of the Orcish Mines
 21893 | Orc:2    | Noticed Donald
 21917 | Orc:2    | Killed Donald
 22529 | Orc:2    | Found Tioc's Antique Weapon Shoppe.
 22604 | Orc:2    | Reached skill level 1 in Shields
 22901 | Orc:2    | Found Icaist's Armour Shoppe.
 22917 | Orc:2    | Found Wiaf's Antique Armour Shop.
 22926 | Orc:2    | Reached XP level 15. HP: 75/118 MP: 21/21
 23383 | Orc:2    | Found Moteeci's Book Emporium.
 23384 | Orc:2    | Found Guomexkoi's Book Emporium.
 23391 | Orc:2    | Bought a runed cloak for 165 gold pieces
 23391 | Orc:2    | Bought a jewelled helmet for 209 gold pieces
 23407 | Orc:2    | Identified the +1 helmet of Optimism {rElec Str+2 Dex-5} (You bought it in a shop on level 2 of the Orcish Mines)
 23500 | Orc:2    | Bought a shiny helmet for 165 gold pieces
 23511 | Orc:2    | Found a staircase to the Elven Halls.
 23910 | Elf:1    | Entered Level 1 of the Elven Halls
 24611 | Spider:1 | Entered Level 1 of the Spider Nest
 24641 | Lair:2   | Upgraded the game from 0.22-a0-458-gb446440 to 0.22-a0-460-g49b1da7
 25504 | Shoals:1 | Entered Level 1 of the Shoals
 25630 | Shoals:1 | Reached skill level 5 in Shields
 25630 | Shoals:1 | Reached skill level 1 in Evocations
 26055 | Shoals:1 | Identified the cursed +1 leather armour of Ojabbay {Str+4} (You found it on level 1 of the Shoals)
 26210 | Shoals:1 | Noticed Josephine
 26220 | Shoals:1 | Killed Josephine
 26670 | Shoals:2 | Noticed Polyphemus
 26797 | Shoals:2 | Noticed a kraken
 26840 | Shoals:2 | Killed a kraken
 27271 | Shoals:2 | Reached XP level 16. HP: 125/125 MP: 22/22
 27307 | Shoals:2 | Noticed Jorgrun
 27315 | Shoals:2 | Reached skill level 5 in Evocations
 27892 | Shoals:2 | Hit by a death yak thrown by Polyphemus

Vault maps used:
D:1:      saegor_arrival_simple_d
D:2:      lemuel_round_altar
D:3:      cheibrodos_fertilizer, first_ration, chequers_ecumenical_altar_island
D:5:      minmay_temple_entry_junction, enter_ossuary_1, uniq_sigmund
D:6:      fiery_altar_vehumet, old_standard_altar, portal_sewer_entry_a,
          uniq_prince_ribbit1
D:7:      kennysheep_doodads
D:8:      old_standard_altar, kennysheep_little_box, serial_glass,
          glass_columns_c, glass_columns_b
D:9:      kennysheep_mini, xom_shifter_show, gammafunk_temple_overflow_claw,
          orc_0_dummy, hangedman_fish_farm, minmay_hollow_rounded_squares
D:11:     david_lair_shrubbed, serial_shops, nicolae_shop_crystal
D:12:     uniq_nergalle
Temple:   minmay_temple_bridge_abc
Lair:1:   lemuel_ratsnest, special_room, lemuel_fruit_tree, grunt_megastairs_3,
          uniq_harold
Lair:2:   elwin_shoals_entry_rooms, nicolae_spider_entry_tight_spaces,
          grunt_megastairs_5
Lair:3:   minmay_holes
Lair:4:   serial_bayou_shore_b, grunt_megastairs_2
Lair:5:   slime_altar_1, lookout_lair_type, serial_bayou_shore_b,
          minmay_lair_oklob_chamber
Lair:6:   gammafunk_lair_ancient_temple
Shoals:1: nicolae_shoals_dead_sea_scrolls, uniq_josephine
Shoals:2: cheibrodos_shoals_oceanic_diplomacy, uniq_polyphemus, uniq_jorgrun
Orc:1:    mines2_lemuel
Orc:2:    st_orc_open, serial_shops, shop, guppyfry_library_mini, uniq_donald
Elf:1:    minmay_elf_arrival_plus, evilmike_minifort
Sewer:    sewer_fruit_machine
Ossuary:  ossuary_tomb_1

Skill      XL: |  1  2  3  4  5  6  7  8  9 10 11 12 13 14 15 16 |
---------------+-------------------------------------------------+-----
Unarmed Combat | 4 5 6 7 8 10 11 15 17 19 | 19.8
Fighting       | 7 10 11 12 | 12.2
Armour         | 6 9 10 | 10.0
Invocations    | 3 8 10 | 10.0
Stealth        | 6 9 |  9.7
Dodging        | 3 6 |  6.8
Shields        | 2 7 |  7.3
Evocations     | 4 5 |  5.3
Throwing       | |  1.7

Action                   |  1- 3 |  4- 6 |  7- 9 | 10-12 | 13-15 | 16-18 || total
-------------------------+-------+-------+-------+-------+-------+-------++-------
Melee: Unarmed           |    86 |   166 |   373 |   573 |   911 |    38 ||  2147
       Punch             |       |     3 |    16 |    42 |    45 |       ||   106
Invok: Ancestor Identity |       |       |     1 |       |       |       ||     1
       Ancestor Life: Kn |       |       |     1 |       |       |       ||     1
       Recall Ancestor   |       |       |       |    11 |    11 |       ||    22
       Idealise          |       |       |       |     4 |    18 |     1 ||    23
Evoke: Wand              |       |       |     2 |     5 |    15 |       ||    22
       Phantom mirror    |       |       |       |       |     2 |       ||     2
  Use: Scroll            |     1 |     9 |     8 |    17 |    19 |     2 ||    56
       Potion            |       |       |       |    11 |     5 |     3 ||    19
 Stab: Distracted        |       |       |     3 |     1 |    12 |       ||    16
       Sleeping          |       |       |       |       |     1 |       ||     1
       Petrified         |       |       |       |       |       |     1 ||     1
  Eat: Chunk             |       |    11 |    16 |    26 |    51 |     2 ||   106
       Ration            |       |       |     1 |       |     3 |       ||     4
Armor: Leather armour    |    10 |       |       |       |       |       ||    10
       Ring mail         |    19 |    54 |       |       |       |       ||    73
       Scale mail        |       |     9 |   175 |   284 |   333 |    10 ||   811
Dodge: Dodged            |    64 |    91 |   205 |   391 |   499 |    23 ||  1273
Block: Shield            |       |       |       |       |   229 |    18 ||   247
       Reflection        |       |       |       |       |    14 |     3 ||    17

Table legend:
 A = Spawn XP
 B = Non-spawn XP
 C = Spawn XP percentage of total XP
 D = Spawn monster count
 E = Non-spawn monster count
 F = Spawn count percentage of total count
 G = Total turns spent on level
                    A         B        C        D         E        F      G
               +---------+---------+-------+---------+---------+-------+---------
         Total |       0 |  132755 |   0.0 |       0 |     756 |   0.0 | 27892
               +---------+---------+-------+---------+---------+-------+---------
           D:1 |       0 |      60 |   0.0 |       0 |      25 |   0.0 |  1353
           D:2 |       0 |     133 |   0.0 |       0 |      24 |   0.0 |   634
           D:3 |       0 |     158 |   0.0 |       0 |      31 |   0.0 |   696
           D:4 |       0 |     169 |   0.0 |       0 |       6 |   0.0 |   728
           D:5 |       0 |     877 |   0.0 |       0 |      22 |   0.0 |   700
           D:6 |       0 |     429 |   0.0 |       0 |      12 |   0.0 |   767
           D:7 |       0 |    1005 |   0.0 |       0 |      26 |   0.0 |  1126
           D:8 |       0 |    2147 |   0.0 |       0 |      20 |   0.0 |  1595
           D:9 |       0 |    3287 |   0.0 |       0 |      38 |   0.0 |  1558
          D:10 |       0 |    3150 |   0.0 |       0 |      23 |   0.0 |   840
          D:11 |       0 |    3313 |   0.0 |       0 |      34 |   0.0 |  1535
          D:12 |       0 |    4207 |   0.0 |       0 |      18 |   0.0 |   572
        Lair:1 |       0 |    8890 |   0.0 |       0 |      86 |   0.0 |  2416
        Lair:2 |       0 |   11948 |   0.0 |       0 |      47 |   0.0 |  2231
        Lair:3 |       0 |    1436 |   0.0 |       0 |       5 |   0.0 |   855
        Lair:4 |       0 |    9034 |   0.0 |       0 |      33 |   0.0 |  1318
        Lair:5 |       0 |    7009 |   0.0 |       0 |      26 |   0.0 |  1335
        Lair:6 |       0 |   15599 |   0.0 |       0 |      42 |   0.0 |  1472
      Shoals:1 |       0 |    9932 |   0.0 |       0 |      21 |   0.0 |  1172
      Shoals:2 |       0 |   14866 |   0.0 |       0 |      26 |   0.0 |  1216
      Spider:1 |       0 |    8276 |   0.0 |       0 |      28 |   0.0 |   167
         Orc:1 |       0 |    1845 |   0.0 |       0 |      15 |   0.0 |   649
         Orc:2 |       0 |   24029 |   0.0 |       0 |      92 |   0.0 |  2258
         Elf:1 |       0 |     553 |   0.0 |       0 |       1 |   0.0 |    12
         Sewer |       0 |      37 |   0.0 |       0 |      17 |   0.0 |   265
       Ossuary |       0 |     366 |   0.0 |       0 |      38 |   0.0 |   350
               +---------+---------+-------+---------+---------+-------+---------
